 Dungeon Crawl Stone Soup version 0.27.1-35-g4d5d836560 (webtiles) character file.

Game seed: 4253545754733883236

48 Delamore the Sneak (level 3, -2/24 HPs)
             Began as an Octopode Brigand on May 4, 2022.
             Slain by Robin (3 damage)
             ... on level 2 of the Dungeon.
             The game lasted 00:01:54 (1465 turns).

Delamore the Sneak (Octopode Brigand)               Turns: 1465, Time: 00:01:54

Health: -2/24      AC:  1    Str:  8 (10) XL:     3   Next: 72%
Magic:  3/3        EV: 16    Int: 11 (13) God:
Gold:   37         SH:  0    Dex: 12 (14) Spells: 2/2 levels left

rFire    . . .     SeeInvis .   a - +2 dagger
rCold    . . .     Faith    .   (no shield)
rNeg     . . .     Spirit   .   (helmet restricted)
rPois    .         Reflect  .   (no amulet)
rElec    .         Harm     .   d - +4 ring of evasion
rCorr    .         Rampage  .   (no ring)
Will     .....                  (no ring)
Stlth    ++++......             (no ring)
HPRegen  0.08/turn              (no ring)
MPRegen  0.08/turn              (no ring)
                                (no ring)
                                (no ring)

@: lethally poisoned (-2 -> -15)
A: almost no armour, amphibious, 8 rings, camouflage 1, gelatinous body 1,
(nimble swimmer 1), tentacles
a: no special abilities


You were on level 2 of the Dungeon.
You visited 1 branch of the dungeon, and saw 2 of its levels.

You collected 37 gold pieces.

Inventory:

Hand Weapons
 a - a +2 dagger (weapon)
Missiles
 b - 2 poisoned darts
 c - a curare-tipped dart (quivered)
Jewellery
 d - a +4 ring of evasion (left tentacle)


   Skills:
 - Level 2.0 Fighting
 * Level 3.4 Short Blades
 - Level 2.0 Throwing
 - Level 1.0 Dodging
 + Level 6.0 Stealth


You had 2 spell levels left.
You didn't know any spells.
Your spell library was empty.

Dungeon Overview and Level Annotations

Branches:
Dungeon (2/15)

Altars:

Annotations:
D:2 Robin


Innate Abilities, Weirdness & Mutations

You cannot wear most types of armour.
You are amphibious.
You can wear up to eight rings at the same time.
Your skin changes colour to match your surroundings (Stealth+).
Your rubbery body absorbs attacks. (AC +1, EV +1)
((You are camouflaged near water. (Stealth+)))
You have tentacles for arms and can constrict up to eight enemies at once.


Message History

You hit the goblin.
You kill the goblin!
There is a stone staircase leading up, spattered with blood here.
You climb upwards.
There is a stone staircase leading down here.
You start resting.
HP restored.
You climb downwards.
Level annotation: Robin Robin misses you.
There is a stone staircase leading up, spattered with blood here.
You throw a poisoned dart. The poisoned dart hits Robin.
Robin is poisoned.
Robin hits you from afar with a +3 spear of venom.
You are poisoned.
You feel very sick.
Robin hits you with a +3 spear of venom.
You are more poisoned.
You are too injured to fight recklessly!
You are too injured to fight recklessly!
Throw: 2 darts (curare)
Press: ? - help, Q - select action, (/) - cycle Shift-Dir - straight line, f/p - Robin
Aim: Robin, wielding a +3 spear of venom, wearing a +0 animal skin and wearing a +0 helmet (lightly wounded, poisoned, 68% to hit)
You throw a curare-tipped dart. The curare-tipped dart hits Robin.
Robin looks even sicker.
Robin convulses.
Robin seems to slow down.
Robin is heavily wounded.
* * * LOW HITPOINT WARNING * * *
You feel very sick. Robin barely misses you.
It was a potion of degeneration.
There was something very wrong with that liquid.
You feel weakened.
You feel dopey.
You feel clumsy.
* * * LOW HITPOINT WARNING * * *
You feel very sick.
You closely miss Robin. Your grab misses Robin.
Robin is severely wounded.
* * * LOW HITPOINT WARNING * * *
You feel sick.
Robin hits you with a +3 spear of venom.
You die...

#################
#.<@g............ .
#.(.).....(........
#(...........###...
###..................
#..................(..
#.#######.......?##..
# ####....## #........
#.#######


You could see Robin (very poisoned, slow).

Vanquished Creatures
  An endoplasm (D:1)
  5 giant cockroaches (D:1)
  16 goblins
  3 hobgoblins
  A kobold (D:1)
  3 quokkas (D:1)
  3 bats (D:1)
  2 frilled lizards (D:1)
  5 rats
39 creatures vanquished.

Notes
Turn   | Place    | Note
-------+----------+-------------------------------------------
     0 | D:1      | Delamore the Octopode Brigand began the quest for the Orb.
     0 | D:1      | Reached XP level 1. HP: 14/14 MP: 1/1
   107 | D:1      | Reached XP level 2. HP: 19/19 MP: 2/2
   488 | D:1      | Reached XP level 3. HP: 22/24 MP: 3/3
  1123 | D:2      | Noticed Robin
  1254 | D:1      | Reached skill level 6 in Stealth
  1465 | D:2      | HP: 1/24 [poisoned by Robin]
  1465 | D:2      | Slain by Robin

Illustrated notes

Levels and vault maps discovered:
D:1:      kennysheep_arrival_seaside, layout_basic, minmay_indecisive_spiral
D:2:      layout_rooms, basic_altar, shapermc_ecumenical_altar_notcrosses,
          minmay_snake_closets, uniq_robin

Skill      XL: |  1  2  3 |
---------------+----------+-----
Short Blades   | 3 |  3.4
Stealth        | 6 |  6.0
Fighting       | |  2.0
Throwing       | |  2.0
Dodging        | |  1.0

Action                   || total
-------------------------++-------
Melee: Dagger            ||    68
       Constrict         ||    14
       Tentacles         ||     4
Throw: Dart              ||    14
  Use: Potion            ||     1
 Stab: Sleeping          ||    10
Armor: Skin              ||     4
Dodge: Dodged            ||    42
